 Dungeon Crawl Stone Soup version 0.25.0-1-g7eea58d2a3 (webtiles) character file.

Game seed: 2258007122793497430

7 DeadF the Sneak (level 1, 0/7 HPs)
             Began as a Felid Enchanter on June 14, 2020.
             Slain by a frilled lizard (3 damage)
             ... on level 1 of the Dungeon.
             The game lasted 00:01:00 (388 turns).

DeadF the Sneak (Felid Enchanter)                    Turns: 388, Time: 00:01:01

Health: 0/7        AC:  1    Str:  4    XL:     1   Next: 91%
Magic:  4/4        EV: 18    Int: 16    God:
Gold:   0          SH:  0    Dex: 16    Spells: 3/4 levels left
                                        Lives:  0   Deaths: 0

rFire    . . .     SeeInvis +     - Unarmed
rCold    . . .     Gourm    .   (shield unavailable)
rNeg     . . .     Faith    .   (armour unavailable)
rPois    .         Spirit   .   (helmet unavailable)
rElec    .         Reflect  .   (cloak unavailable)
rCorr    .         Harm     .   (gloves unavailable)
MR       .....                  (boots unavailable)
Stlth    +++.......             (no amulet)
HPRegen  0.02/turn              (no ring)
MPRegen  0.09/turn              (no ring)

@: quick
A: very small, no armour, no weapons or thrown items, stealth, claws 1, fangs 3,
see invisible, carnivore, speed 1, shaggy fur 1, slow metabolism 1, sharp paws
a: no special abilities


You were on level 1 of the Dungeon.
You were full.

You visited 1 branch of the dungeon, and saw 1 of its levels.

Inventory:

Scrolls
 c - 2 scrolls of identify {unknown}
 e - 3 scrolls of noise {unknown}
 f - a scroll of enchant armour {unknown}
Potions
 a - a potion of might {unknown}
 d - a potion of stabbing {unknown}
Comestibles
 b - a ration


   Skills:
 + Level 3.1 Dodging
 + Level 4.5 Stealth
 - Level 1.0 Unarmed Combat
 - Level 2.0 Spellcasting
 - Level 4.4 Hexes


You had 3 spell levels left.
You knew the following spells:

 Your Spells              Type           Power        Failure   Level  Hunger
a - Corona                Hex            ###....      3%          1    #......

Your spell library contained the following spells:

 Spells                   Type           Power        Failure   Level  Hunger
 Confusing Touch          Hex            ###.....     11%         3    ###....
 Tukima's Dance           Hex            ###.....     11%         3    ###....
 Ensorcelled Hibernation  Hex/Ice        #.....       13%         2    ###....
 Dazzling Flash           Conj/Hex       #.....       26%         3    ###....


Dungeon Overview and Level Annotations

Branches:
Dungeon (1/15)

Altars:


Innate Abilities, Weirdness & Mutations

You cannot wear armour.
You are incapable of wielding weapons or throwing items.
Your paws allow you to move quietly. (Stealth)
You have sharp claws.
You have razor-sharp teeth.
You have supernaturally acute eyesight. (SInv)
You are carnivorous and can eat meat at any time.
You cover ground quickly.
You are covered in fur. (AC +1)
You have a slow metabolism.
Your sharp claws are effective at attacking unaware monsters.


Message History

You are too injured to fight recklessly!
You are too injured to fight recklessly!
You are too injured to fight recklessly!
You are too injured to fight recklessly!
You are too injured to fight recklessly!
You are too injured to fight recklessly!
You are too injured to fight recklessly!
You are too injured to fight recklessly!
You miss the frilled lizard. The frilled lizard closely misses you.
You scratch the frilled lizard.
The frilled lizard is heavily wounded.
The frilled lizard barely misses you.
You closely miss the frilled lizard.
The frilled lizard is heavily wounded.
The frilled lizard closely misses you.
You closely miss the frilled lizard.
The frilled lizard is heavily wounded.
The frilled lizard barely misses you.
You barely miss the frilled lizard. The frilled lizard bites you.
You die...

########
#......#
#.####.#
###.####.#
#........#
#.#.######?#
#.#..@l....#
#.##########
#.# #.# #.#
#.# #.# #.#
#.#


You could see a frilled lizard.

Vanquished Creatures
  A bat (D:1)
  2 goblins (D:1)
  2 hobgoblins (D:1)
  A frilled lizard (D:1)
6 creatures vanquished.

Notes
Turn   | Place    | Note
-------+----------+-------------------------------------------
     0 | D:1      | DeadF the Felid Enchanter began the quest for the Orb.
     0 | D:1      | Reached XP level 1. HP: 7/7 MP: 4/4
   388 | D:1      | Slain by a frilled lizard

Illustrated notes

Levels and vault maps discovered:
D:1:      evilmike_arrival_crescent, layout_basic, serial_bayou_lake_a

Skill      XL: |  1 |
---------------+----+-----
Dodging        | 3 |  3.1
Stealth        | |  4.5
Unarmed Combat | |  1.0
Spellcasting   | |  2.0
Hexes          | |  4.4

Action                   || total
-------------------------++-------
Melee: Unarmed           ||    34
       Bite              ||     1
 Cast: Corona            ||     1
 Stab: Sleeping          ||     4
  Eat: Chunk             ||     3
Armor: Skin              ||    12
Dodge: Dodged            ||    58
